 Dungeon Crawl Stone Soup version 0.30.1-4-g462c640d31 (webtiles) character file.

Game seed: 806290510740942681

1 Cheops the Caller (level 1, 0/13 HPs)
             Began as a Merfolk Summoner on Sept 12, 2023.
             Slain by a hobgoblin (2 damage)
             ... on level 1 of the Dungeon.
             The game lasted 00:00:45 (29 turns).

Cheops the Caller (Merfolk Summoner)                  Turns: 29, Time: 00:00:46

Health: 0/13       AC:  2    Str:  8    XL:     1   Next: 20%
Magic:  1/3        EV: 12    Int: 14    God:
Gold:   7          SH:  0    Dex: 14    Spells: 3/4 levels left

rFire   . . .        (no weapon)
rCold   . . .        (no shield)
rNeg    . . .        a - +0 robe
rPois   .            (no helmet)
rElec   .            (no cloak)
rCorr   .            (no gloves)
SInv    .            (no boots)
Will    .....        (no amulet)
Stlth   ++           (no ring)
HPRegen 0.22/turn    (no ring)
MPRegen 0.08/turn

%: no passive effects
@: no status effects
A: (nimble swimmer 2), mertail
a: no special abilities


You were on level 1 of the Dungeon.
You visited 1 branch of the dungeon, and saw 1 of its levels.

You collected 7 gold pieces.

Inventory:

Armour
 a - a +0 robe (worn)
Potions
 b - a potion of magic


   Skills:
 - Level 2.6 Dodging
 - Level 2.1 Stealth
 + Level 2.1 Spellcasting
 - Level 4.0 Summonings


You had 3 spell levels left.
You knew the following spells:

 Your Spells              Type           Power      Damage    Failure   Level
m - Summon Small Mammal   Summ           48%        N/A       4%          1

Your spell library contained the following spells:

 Spells                   Type           Power      Damage    Failure   Level
 Call Imp                 Summ           24%        N/A       7%          2
 Call Canine Familiar     Summ           12%        N/A       14%         3
 Summon Guardian Golem    Hex/Summ       7%         N/A       30%         3
 Summon Lightning Spire   Summ/Air       7%         N/A       71%         4


Dungeon Overview and Level Annotations

Branches:
Dungeon (1/15)

Altars:


Innate Abilities, Weirdness & Mutations

((You are very nimble when in or above water. (Stealth+, EV+, Speed+++)))
Your lower body shifts to a powerful aquatic tail in water.


Message History

Your bat hits the hobgoblin but does no damage. x2
The hobgoblin barely misses you.
The hobgoblin hits you but does no damage.
You barely miss the hobgoblin.
The hobgoblin is heavily wounded.
Your bat hits the hobgoblin.
Your bat barely misses the hobgoblin.
Your bat hits the hobgoblin. Your bat misses the hobgoblin.
Your bat barely misses the hobgoblin.
The hobgoblin closely misses you. The hobgoblin barely misses you.
You hit the hobgoblin but do no damage.
The hobgoblin is almost dead.
Your bat hits the hobgoblin but does no damage. x2
Your bat closely misses the hobgoblin.
Your bat hits the hobgoblin but does no damage.
Your bat hits the hobgoblin.
The hobgoblin dies!
The hobgoblin hits you.
A giant cockroach comes into view.
Your bat misses the hobgoblin.
Your bat barely misses the hobgoblin.
A rat comes into view.
The hobgoblin barely misses you.
The giant cockroach moves out of view.
You hit the hobgoblin but do no damage.
Your bat completely misses the hobgoblin.
Your bat hits the hobgoblin but does no damage.
Your bat closely misses the hobgoblin.
The hobgoblin hits you but does no damage.
You barely miss the hobgoblin.
Your bat disappears in a puff of smoke!
Your bat hits the hobgoblin. The hobgoblin hits you.
* * * LOW HITPOINT WARNING * * *
You barely miss the hobgoblin.
The hobgoblin is lightly wounded.
The hobgoblin hits you.
* * * LOW HITPOINT WARNING * * *
Casting: Summon Small Mammal (safe; 4% risk of failure)
Confirm with . or Enter, or press ? or * to list all spells.
Your bat barely misses the hobgoblin.
Your bat hits the hobgoblin but does no damage.
Your bat barely misses the hobgoblin.
The hobgoblin hits you.
You die...

.. ................
...................
....##............# .
....##............##..
#.........##.........
#.........##.......
#.................
#####....#####r###.##
####.....@g.....+
#.####§b.#.###
#.#...r..# #.##....##
........+ ..##....#
...##....# ... #....#
#....#


You could see a hobgoblin (ally target), a rat, a friendly bat (summoned) and a
friendly rat (summoned).

Vanquished Creatures (collateral kills)
  A hobgoblin (D:1)
1 creature vanquished.

Notes
Turn   | Place    | Note
-------+----------+-------------------------------------------
     0 | D:1      | Cheops the Merfolk Summoner began the quest for the Orb.
     0 | D:1      | Reached XP level 1. HP: 13/13 MP: 3/3
    29 | D:1      | Slain by a hobgoblin

Illustrated notes

Levels and vault maps discovered:
D:1:      dpeg_arrival_stonehenge_8_columns, layout_basic

Action                     || total
---------------------------++-------
  Melee: Unarmed           ||     9
   Cast: Summon Small Mamm ||     3
 Armour: Robe              ||     2
  Dodge: Dodged            ||     8
